[Event "RUS-ch Blitz 2021"]
[Site "Sochi"]
[Date "2021.10.11"]
[Round "6.23"]
[White "Vetokhin, Savva"]
[Black "Zakaryan, David"]
[Result "1-0"]
[ECO "D02"]
[WhiteElo "2339"]
[BlackElo "2283"]
[Annotator "NA"]
[PlyCount "109"]
[EventDate "2021.10.11"]
[EventType "blitz"]
[EventCountry "RUS"]
[SourceTitle "playchess.com"]
[Source "ChessBase"]
[SourceQuality "1"]
[TimeControl "180+2"]

1. Nf3 Nf6 2. g3 g6 3. Bg2 Bg7 4. O-O O-O 5. d4 d5 6. Nbd2 c6 7. c3 Bf5 8. Nh4 Be6 9. e4 dxe4 10. Nxe4 Nxe4 11. Bxe4 Bd5 12. Bg2 Bxg2 13. Kxg2 Qd5+ 14. Nf3 Nd7 15. Qe2 e5 16. dxe5 Nxe5 17. Rd1 Qc4 18. Qxc4 Nxc4 19. Rb1 b5 20. b3 Nb6 21. Bb2 Rfd8 22. Kf1 a5 23. Rxd8+ Rxd8 24. Ke2 Nd5 25. Nd4 Bxd4 26. cxd4 Kf8 27. Rc1 Re8+ 28. Kf3 Re6 29. Ba3+ Ke8 30. Bc5 Kd7 31. a4 b4 32. h3 f5 33. g4 Rf6 34. g5 Re6 35. Bf8 Nc3 36. Bc5 Ne4 37. Rc2 Nxg5+ 38. Kg2 Kc7 39. d5 Re5 40. Be3 Rxd5 41. Bxg5 Rd3 42. Bf4+ Kb7 43. Rb2 c5 44. Rc2 c4 45. Rxc4 Rxb3 46. Rc5 Kb6 47. Rb5+ Ka6 48. Be3 f4 49. Bxf4 Ra3 50. Be3 Ra2 51. Rb6+ Ka7 52. Rxb4+ Ka6 53. Rb6+ Ka7 54. Rb2+ Ka6 55. Rxa2 1-0

[Event "RUS-ch Blitz 2021"]
[Site "Sochi"]
[Date "2021.10.11"]
[Round "6.24"]
[White "Esipenko, Aleksandr"]
[Black "Gutenev, Alexander"]
[Result "0-1"]
[ECO "B59"]
[WhiteElo "2087"]
[BlackElo "2455"]
[Annotator "ChessBase"]
[PlyCount "120"]
[EventDate "2021.10.11"]
[EventType "blitz"]
[EventCountry "RUS"]
[SourceTitle "playchess.com"]
[Source "ChessBase"]
[SourceQuality "1"]
[TimeControl "180+2"]

1. e4 c5 2. Nf3 Nc6 3. d4 cxd4 4. Nxd4 Nf6 5. Nc3 d6 6. Be2 e5 7. Nb3 Be7 8. O-O a5 9. Be3 O-O 10. Qd2 a4 11. Nc1 a3 12. b3 Be6 13.
Bf3 Qa5 14. N1e2 Rac8 15. h3 Rfd8 16. Rfd1 h6 17. Rac1 Bf8 18. Nb1 Qxd2 19. Rxd2 d5 20. exd5 Nxd5 21. Bxd5 Rxd5 22. Rxd5 Bxd5 23. c4 Be6 24. c5 Nb4 25. Nxa3 Nxa2 26. Rc2 Bxb3 27. Rb2 Bd5 28. Rd2 Be6 29. Rb2 Bd5 30. Rd2 Nb4 31. Nc3 Be6 32. Rb2 Bxc5 33. Bxc5 Rxc5 34. Ne4 Rc1+ 35. Kh2 Nd3 36. Rxb7 Bd5 37. Rb8+ Kh7 38. Ng3 Nxf2 39. Rd8 Be6 40. Nb5 f5 41. Ne2 Re1 42. Nbc3 Bc4 43. Rd2 f4 44. Ng1 Ne4 45. Nxe4 Rxe4 46. Nf3 Re3 47. Kg1 e4 48. Nh4 Rd3 49. Rxd3 Bxd3 50. Kf2 g5 51. Nf5 e3+ 52. Nxe3 fxe3+ 53. Kxe3 Bf1 54. Kf2 Bb5 55. g3 Kg6 56. Kf3 Kf5 57. g4+ Ke5 58. Kg3 Ke4 59. h4 Ke3 60. hxg5 hxg5 0-1

[Event "RUS-ch Blitz 2021"]
[Site "Sochi"]
[Date "2021.10.11"]
[Round "7.1"]
[White "Antipov, Mikhail Al."]
[Black "Timofeev, Artyom"]
[Result "0-1"]
[ECO "B30"]
[WhiteElo "2619"]
[BlackElo "2586"]
[Annotator "ChessBase"]
[PlyCount "96"]
[EventDate "2021.10.11"]
[EventType "blitz"]
[EventCountry "RUS"]
[SourceTitle "playchess.com"]
[Source "ChessBase"]
[SourceQuality "1"]
[TimeControl "180+2"]

1. e4 c5 2. Nf3 Nc6 3. Nc3 e5 4. Bc4 d6 5. d3 Be7 6. a4 Nf6 7. Bg5 O-O 8. Bxf6 Bxf6 9. Nd5 Be6 10. c3 Rb8 11. Qd2 Bxd5 12. Bxd5 Ne7 13. Bb3 d5 14. exd5 Nxd5 15. O-O Qd6 16. Rad1 Rbd8 17. Rfe1 Nf4 18. Bc4 Qc6 19. Re4 a6 20. a5 Qc7 21. g3 Nd5 22. Ra1 Ne7 23. Qc2 Nc6 24. Qa4 Rd7 25. Nd2 g6 26. Re2 Kg7 27. h4 Bd8 28.
Nb3 Be7 29. h5 gxh5 30. Kg2 Qd6 31. Nd2 Qg6 32. Rh1 h4 33.
Nf3 hxg3 34. fxg3 Kh8 35. Nxe5 Nxe5 36. Rxe5 Rg8 37. Rh3 Bd6 38. Reh5 Re7 39. Rxh7+ Qxh7 40. Rxh7+ Kxh7 41. Bd5 Rxg3+ 42. Kf2 Rg5 43. Qh4+ Kg6 44. Qc4 Rf5+ 45. Kg2 Re2+ 46. Kh3 Rh2+ 47. Kg4 Rf4+ 48. Qxf4 Bxf4 0-1

[Event "RUS-ch Blitz 2021"]
[Site "Sochi"]
[Date "2021.10.11"]
[Round "7.3"]
[White "Savchenko, Boris"]
[Black "Sarana, Alexey"]
[Result "1-0"]
[ECO "B90"]
[WhiteElo "2535"]
[BlackElo "2649"]
[Annotator "ChessBase"]
[PlyCount "59"]
[EventDate "2021.10.11"]
[EventType "blitz"]
[EventCountry "RUS"]
[SourceTitle "playchess.com"]
[Source "ChessBase"]
[SourceQuality "1"]
[TimeControl "180+2"]

1. e4 c5 2. Nf3 d6 3. d4 cxd4 4. Nxd4 Nf6 5. Nc3 a6 6. h3 b5 7. a4 b4 8. Nd5 e6 9. Nxf6+ Qxf6 10. Bc4 Be7 11. O-O Bb7 12. Re1 O-O 13.
a5 Nc6 14. Nxc6 Bxc6 15. Qd3 d5 16. exd5 exd5 17. Bxa6 Bc5 18. Rf1 Rfe8 19. Bb5 Re4 20. Be3 Bxb5 21. Qxb5 Bxe3 22. Qxd5 Ree8 23. fxe3 Qxb2 24. Rxf7 Kh8 25. Raf1 h6 26. Rc7 Qa3 27. Rff7 Qxe3+ 28. Kh2 Rad8 29. Qf5 Re5 30. Rf8+ 1-0

[Event "RUS-ch Blitz 2021"]
[Site "Sochi"]
[Date "2021.10.11"]
[Round "7.4"]
[White "Sjugirov, Sanan"]
[Black "Rozum, Ivan"]
[Result "1-0"]
[ECO "E11"]
[WhiteElo "2663"]
[BlackElo "2529"]
[Annotator "ChessBase"]
[PlyCount "131"]
[EventDate "2021.10.11"]
[EventType "blitz"]
[EventCountry "RUS"]
[SourceTitle "playchess.com"]
[Source "ChessBase"]
[SourceQuality "1"]
[TimeControl "180+2"]

1. d4 Nf6 2. c4 e6 3. Nf3 Bb4+ 4. Bd2 Bxd2+ 5. Qxd2 O-O 6. g3 d5 7. Bg2 c6 8. O-O Nbd7 9. Rc1 b6 10. Na3 Bb7 11. cxd5 exd5 12. Nb1 c5 13. Nc3 Re8 14. e3 a6 15. Rab1 c4 16. a4 Bc6 17. b3 b5 18.
axb5 axb5 19. bxc4 bxc4 20. Qc2 Qc7 21. Nd2 g6 22. Ra1 Kg7 23.
Rcb1 Reb8 24. Qc1 Qd6 25. Rxb8 Rxb8 26. Ra6 Rb6 27. Ra7 Nf8 28. e4 dxe4 29. Nxc4 Qb8 30. Qa1 Rb7 31. Rxb7 Bxb7 32. d5 N8d7 33. Nxe4 Qd8 34. Ne3 Qe7 35. d6 Qe5 36. Qxe5 Nxe5 37. Nxf6 Bxg2 38. d7 Nc6 39. Ne8+ Kf8 40. Kxg2 Ke7 41. h4 h5 42. Nc7 Kxd7 43. Ncd5 Ke6 44. Nf4+ Kf6 45. Ne2 Ne5 46. Nd5+ Kg7 47. Ndf4 Nc6 48. Nc3 Ne5 49. Ne4 Ng4 50. Nh3 Ne5 51. Nhg5 Nc4 52. Nc5 Ne5 53. Nb7 Nc4 54. Nd8 f6 55. Nde6+ Kg8 56. Ne4 Kf7 57. Nf4 Ne5 58. Nd5 Nd7 59. Kf3 Ke6 60. Ndxf6 Nxf6 61. Nxf6 Kxf6 62. Kf4 Ke6 63. Kg5 Kf7 64. f4 Kg7 65. f5 gxf5 66. Kxf5 1-0

[Event "RUS-ch Blitz 2021"]
[Site "Sochi"]
[Date "2021.10.11"]
[Round "7.5"]
[White "Sakaev, Konstantin"]
[Black "Pridorozhni, Aleksei"]
[Result "0-1"]
[ECO "A53"]
[WhiteElo "2603"]
[BlackElo "2564"]
[Annotator "ChessBase"]
[PlyCount "98"]
[EventDate "2021.10.11"]
[EventType "blitz"]
[EventCountry "RUS"]
[SourceTitle "playchess.com"]
[Source "ChessBase"]
[SourceQuality "1"]
[TimeControl "180+2"]

1. d4 d6 2. Nf3 Bg4 3. c4 c6 4. Nc3 Nd7 5. e4 e5 6. Be2 Ngf6 7. O-O Be7 8. Be3 O-O 9. d5 Qa5 10. Nd2 Bxe2 11. Qxe2 Rfc8 12. Rab1 Qd8 13. Rfc1 cxd5 14. cxd5 Ne8 15. Nc4 Bg5 16. Nb5 Bxe3 17. Qxe3 Ndf6 18. h3 a6 19. Nba3 Nd7 20. Nd2 g6 21. Nc2 Rc7 22. Ne1 Rac8 23. Nb3 f5 24. exf5 gxf5 25. Nf3 Ndf6 26. Rxc7 Rxc7 27. Qg5+ Ng7 28. Nh4 f4 29. Nf5 Qf8 30. Nh6+ Kh8 31. Nd2 Rc2 32. Rd1 Rxd2 33. Rxd2 Ne4 34. Nf7+ Kg8 35. Nh6+ Kh8 36. Nf7+ Qxf7 37. Qd8+ Ne8 38. Rc2 N4f6 39. Rc8 Kg7 40. Rb8 Kg6 41. Qc8 Qxd5 42. Qxb7 Qxa2 43. Qe7 Qa4 44. Qe6 Qd1+ 45. Kh2 Ng7 46. Qc4 Nf5 47. Qxa6 Qd2 48. Qa7 f3 49. g4 Nd4 0-1

[Event "RUS-ch Blitz 2021"]
[Site "Sochi"]
[Date "2021.10.11"]
[Round "7.6"]
[White "Iljiushenok, Ilia"]
[Black "Pershin, Denis"]
[Result "1-0"]
[ECO "B12"]
[WhiteElo "2554"]
[BlackElo "2388"]
[Annotator "ChessBase"]
[PlyCount "83"]
[EventDate "2021.10.11"]
[EventType "blitz"]
[EventCountry "RUS"]
[SourceTitle "playchess.com"]
[Source "ChessBase"]
[SourceQuality "1"]
[TimeControl "180+2"]

1. e4 c6 2. d4 d5 3. e5 Bf5 4. c4 e6 5. Nc3 Ne7 6. a3 dxc4 7. Bxc4 Nd7 8.
Nge2 Nb6 9. Ba2 Ned5 10. O-O Be7 11. Ng3 Bg6 12. Nce4 h5 13.
Qf3 h4 14. Ne2 Bf5 15. h3 g5 16. b4 Rg8 17. Nc5 g4 18. hxg4 Bxg4 19. Qe4 Bf5 20. Qf3 Qc7 21. Nf4 O-O-O 22. Nxd5 Nxd5 23. Bd2 Rg6 24. Kh1 Rdg8 25. Rg1 Rh8 26. Bb1 Rg3 27. Qe2 Bg4 28. Qe4 Bf3 29. gxf3 Bxc5 30. bxc5 Rxg1+ 31. Kxg1 h3 32. Bd3 Qe7 33. Kh1 Rh4 34. f4 f5 35. exf6 Nxf6 36. Qf3 Qd7 37. Be3 h2 38. Re1 Qg7 39. f5 exf5 40. Bxf5+ Kd8 41. Qg3 Qh8 42. Qd6+ 1-0

[Event "RUS-ch Blitz 2021"]
[Site "Sochi"]
[Date "2021.10.11"]
[Round "7.7"]
[White "Vastrukhin, Oleg"]
[Black "Tsydypov, Zhamsaran"]
[Result "1-0"]
[ECO "A24"]
[WhiteElo "2382"]
[BlackElo "2526"]
[Annotator "ChessBase"]
[PlyCount "167"]
[EventDate "2021.10.11"]
[EventType "blitz"]
[EventCountry "RUS"]
[SourceTitle "playchess.com"]
[Source "ChessBase"]
[SourceQuality "1"]
[TimeControl "180+2"]

1. Nf3 Nf6 2. g3 g6 3. Bg2 Bg7 4. O-O O-O 5. c4 d6 6. Nc3 e5 7. d3 c6 8. Rb1 Re8 9. Bg5 h6 10. Bxf6 Bxf6 11. b4 d5 12. cxd5 cxd5 13. e4 dxe4 14. dxe4 Be6 15. Nd5 Bg7 16. Rc1 Nc6 17. b5 Bxd5 18. exd5 Nd4 19. Nxd4 exd4 20. Qd3 Qa5 21. d6 Rad8 22. Rc7 Rxd6 23. Rxb7 Qxa2 24. h4 h5 25. Bc6 Re5 26. Rd7 Rxd7 27. Bxd7 Rc5 28. Qf3 Qd5 29. Qxd5 Rxd5 30. Bc6 Rd6 31. Kg2 d3 32. Rd1 Bc3 33. Kf3 d2 34. Be4 Kg7 35. Bc2 Kf6 36. Bb3 Rd4 37. Bc2 Ke5 38. Ke3 Rb4 39. Kd3 Bd4 40. Rxd2 Rxb5 41. Re2+ Kd5 42. Kd2 Kd6 43. Bd3 Rb3 44. Bc4 Rf3 45. Ke1 a5 46. Ra2 Rf5 47. Bd3 Re5+ 48.
Kf1 Bc3 49. Bc4 Rf5 50. Bd3 Rc5 51. Bc2 Ke7 52. Ba4 Kf6 53.
Ke2 Bd4 54. Kd3 Be5 55. Ke2 Rc4 56. Bb3 Rc5 57. Ba4 Bc3 58.
Kd3 Bb4 59. Ke2 Ke5 60. Bb3 f6 61. Bf7 Kf5 62. Kf3 Rc3+ 63.
Kg2 Rc7 64. Be8 Re7 65. Ba4 g5 66. Bc2+ Ke5 67. Bd1 g4 68.
Re2+ Kd4 69. Rxe7 Bxe7 70. Ba4 Kc3 71. Be8 Kb2 72. Bxh5 a4 73.
Bxg4 a3 74. Be6 f5 75. Kf3 Bc5 76. h5 Bd4 77. h6 Be5 78. h7 a2 79. Bxa2 Kxa2 80. g4 fxg4+ 81. Kxg4 Kb3 82. Kf5 Bh8 83. Ke6 Kc4 84. f4 1-0

[Event "RUS-ch Blitz 2021"]
[Site "Sochi"]
[Date "2021.10.11"]
[Round "7.8"]
[White "Moiseenko, Vadim"]
[Black "Alekseev, Evgeny"]
[Result "0-1"]
[ECO "A36"]
[WhiteElo "2542"]
[BlackElo "2602"]
[Annotator "ChessBase"]
[PlyCount "94"]
[EventDate "2021.10.11"]
[EventType "blitz"]
[EventCountry "RUS"]
[SourceTitle "playchess.com"]
[Source "ChessBase"]
[SourceQuality "1"]
[TimeControl "180+2"]

1. Nf3 c5 2. g3 Nc6 3. c4 g6 4. Bg2 Bg7 5. O-O e6 6. Nc3 d6 7. d3 Nge7 8. e4 O-O 9. Be3 Nd4 10. a3 b6 11. Rb1 Bb7 12. Qd2 Qd7 13.
b4 Nec6 14. Bh6 Nxf3+ 15. Bxf3 Ne5 16. Be2 f5 17. Bxg7 Qxg7 18. f4 Nc6 19. Bf3 Nd4 20. Bg2 Rae8 21. Ne2 Nxe2+ 22. Qxe2 e5 23. Rbe1 exf4 24. Rxf4 fxe4 25. Rxf8+ Qxf8 26.
Bxe4 Bxe4 27. dxe4 Qf6 28. Qd3 Qe5 29. Kg2 Kg7 30. Re2 Re6 31.
Qe3 h5 32. Qf4 g5 33. Qxe5+ Rxe5 34. Kf3 Kf6 35. Rd2 Ke6 36. h4 Ke7 37. Rd5 Rxd5 38. exd5 gxh4 39. gxh4 cxb4 40. axb4 a5 41.
bxa5 bxa5 42. Ke4 a4 43. Kd4 Kf6 44. c5 dxc5+ 45. Kxc5 a3 46. Kc6 a2 47. d6 a1=Q 0-1

[Event "RUS-ch Blitz 2021"]
[Site "Sochi"]
[Date "2021.10.11"]
[Round "7.9"]
[White "Kobalia, Mikhail"]
[Black "Oganian, Miran"]
[Result "1/2-1/2"]
[ECO "B51"]
[WhiteElo "2600"]
[BlackElo "2441"]
[Annotator "ChessBase"]
[PlyCount "113"]
[EventDate "2021.10.11"]
[EventType "blitz"]
[EventCountry "RUS"]
[SourceTitle "playchess.com"]
[Source "ChessBase"]
[SourceQuality "1"]
[TimeControl "180+2"]

1. e4 c5 2. Nf3 Nc6 3. Bb5 d6 4. O-O Bd7 5. Re1 Nf6 6. c3 a6 7. Bf1 Bg4 8. h3 Bxf3 9. Qxf3 e6 10. d3 Be7 11. Nd2 O-O 12. Qe2 d5 13.
Nf3 b5 14. Bg5 Re8 15. Rad1 dxe4 16. dxe4 Qa5 17. a3 c4 18. g3 Rad8 19. Bg2 h6 20. Bxf6 Bxf6 21. e5 Be7 22. Nd2 Qc7 23. Kh2 Rd7 24. Nf3 Red8 25. Rxd7 Qxd7 26. h4 Bc5 27. Kg1 Ne7 28. Rc1 Nf5 29. Kf1 Qc7 30. Rd1 Ne7 31. Rxd8+ Qxd8 32. Qd2 Qc7 33. Qe2 Bb6 34. h5 Nc6 35. Qe4 Ba7 36. Kg1 Bb8 37. Kf1 Nxe5 38. Nxe5 Qxe5 39. Qb7 a5 40. Bc6 b4 41. axb4 axb4 42. Qxb4 Bd6 43. Qxc4 Qxh5 44. Be4 Qd1+ 45. Kg2 Kf8 46. Qc8+ Ke7 47. Qb7+ Kf6 48. Bf3 Qd2 49. Qb6 Be5 50. Qb4 g6 51. Qh4+ Kg7 52. Qb4 h5 53. Qb5 Bf6 54. Qb4 Be5 55.
Qb5 Bf6 56. Qb4 Be5 57. Qb5 1/2-1/2

[Event "RUS-ch Blitz 2021"]
[Site "Sochi"]
[Date "2021.10.11"]
[Round "7.10"]
[White "Popov, Valerij"]
[Black "Makarian, Rudik"]
[Result "1/2-1/2"]
[ECO "D27"]
[WhiteElo "2537"]
[BlackElo "2470"]
[Annotator "ChessBase"]
[PlyCount "35"]
[EventDate "2021.10.11"]
[EventType "blitz"]
[EventCountry "RUS"]
[SourceTitle "playchess.com"]
[Source "ChessBase"]
[SourceQuality "1"]
[TimeControl "180+2"]

1. Nf3 d5 2. d4 Nf6 3. c4 e6 4. e3 dxc4 5. Bxc4 a6 6. O-O c5 7. dxc5 Bxc5 8. Qxd8+ Kxd8 9. Be2 Nc6 10. Bd2 Ne4 11. Rc1 Nxd2 12. Rxc5 Ne4 13. Rc2 Ke7 14. Nbd2 Nxd2 15. Rxd2 Bd7 16. Ng5 Rhd8 17. Rad1 Be8 18. a3 1/2-1/2

[Event "RUS-ch Blitz 2021"]
[Site "Sochi"]
[Date "2021.10.11"]
[Round "7.11"]
[White "Petrov, Nikita"]
[Black "Nazaretyan, Tigran"]
[Result "1-0"]
[ECO "A57"]
[WhiteElo "2539"]
[BlackElo "2316"]
[Annotator "ChessBase"]
[PlyCount "83"]
[EventDate "2021.10.11"]
[EventType "blitz"]
[EventCountry "RUS"]
[SourceTitle "playchess.com"]
[Source "ChessBase"]
[SourceQuality "1"]
[TimeControl "180+2"]

1. d4 Nf6 2. c4 c5 3. d5 b5 4. Qc2 g6 5. e4 d6 6. cxb5 a6 7. Nc3 Bg7 8. a4 O-O 9. Nf3 Qa5 10. Bd2 axb5 11. Bxb5 Ba6 12. O-O Nbd7 13. Rfe1 Bxb5 14. Nxb5 Qb6 15. Bc3 Rfb8 16. Nd2 Rb7 17. Nc4 Qa6 18. Na5 Rxb5 19. axb5 Qxb5 20. Qa4 Qxa4 21. Rxa4 Nb6 22. Raa1 e6 23. Nc4 Rxa1 24. Rxa1 Nfd7 25. Nxb6 Nxb6 26. Bxg7 Kxg7 27. Ra6 Nc4 28. b3 Nd2 29. dxe6 fxe6 30. Rxd6 Nxb3 31. Rxe6 c4 32. Rc6 Nd2 33. f3 Kf7 34. Kf2 Ke7 35. Ke2 Kd7 36. Rc5 Nb3 37. Rxc4 Ke6 38. Ke3 g5 39. g3 h5 40. Rc6+ Kf7 41. Rh6 h4 42. gxh4 1-0

[Event "RUS-ch Blitz 2021"]
[Site "Sochi"]
[Date "2021.10.11"]
[Round "7.12"]
[White "Riazantsev, Alexander"]
[Black "Zakhartsov, Vladimir"]
[Result "1-0"]
[ECO "D91"]
[WhiteElo "2634"]
[BlackElo "2514"]
[Annotator "ChessBase"]
[PlyCount "69"]
[EventDate "2021.10.11"]
[EventType "blitz"]
[EventCountry "RUS"]
[SourceTitle "playchess.com"]
[Source "ChessBase"]
[SourceQuality "1"]
[TimeControl "180+2"]

1. d4 Nf6 2. Nf3 g6 3. c4 Bg7 4. Nc3 d5 5. Bg5 Ne4 6. cxd5 Nxg5 7. Nxg5 e6 8. Qd2 h6 9. Nf3 exd5 10. e3 O-O 11. Bd3 c6 12. h3 Nd7 13.
O-O a5 14. Ne2 Re8 15. Nf4 Nf8 16. Rac1 Qd6 17. Bb1 Be6 18. a3 Nd7 19. Nd3 b6 20. Nfe5 Nxe5 21. Nxe5 c5 22. f4 Rac8 23. Bd3 Rc7 24. Kh1 Rec8 25. Rce1 Re7 26. g4 Bd7 27. h4 Ba4 28. g5 hxg5 29. hxg5 Bxe5 30. fxe5 Qd7 31. Qh2 cxd4 32. exd4 Qg4 33. Rf4 Qh5 34. Rh4 Qf3+ 35. Kg1 1-0

[Event "RUS-ch Blitz 2021"]
[Site "Sochi"]
[Date "2021.10.11"]
[Round "7.13"]
[White "Bocharov, Dmitry"]
[Black "Khanin, Semen"]
[Result "1/2-1/2"]
[ECO "E11"]
[WhiteElo "2517"]
[BlackElo "2521"]
[Annotator "ChessBase"]
[PlyCount "78"]
[EventDate "2021.10.11"]
[EventType "blitz"]
[EventCountry "RUS"]
[SourceTitle "playchess.com"]
[Source "ChessBase"]
[SourceQuality "1"]
[TimeControl "180+2"]

1. d4 Nf6 2. c4 e6 3. Nf3 d5 4. g3 Bb4+ 5. Bd2 Be7 6. Bg2 Nbd7 7. O-O O-O 8.
Qc2 c6 9. a4 a5 10. Na3 h6 11. Rfc1 Ne4 12. Be3 f5 13. Ne1 g5 14. Nd3 Bd6 15.
f3 Nef6 16. Bf2 Qe7 17. Nb1 h5 18. Nd2 Rf7 19. e4 fxe4 20.
fxe4 Ng4 21. e5 Bb4 22. cxd5 cxd5 23. Nf3 Nxf2 24. Nxf2 Nf8 25. Nd3 Bd7 26. Nxb4 axb4 27. b3 Rc8 28. Qd2 Rxc1+ 29. Rxc1 g4 30. Ne1 Ng6 31. Nd3 Kg7 32. Qxb4 Qd8 33. Qd6 h4 34. Nc5 Qg5 35. Rf1 Qe3+ 36. Kh1 Rxf1+ 37. Bxf1 Qf3+ 38. Kg1 Qe3+ 39. Kh1 Qf3+ 1/2-1/2

[Event "RUS-ch Blitz 2021"]
[Site "Sochi"]
[Date "2021.10.11"]
[Round "7.14"]
[White "Gutenev, Alexander"]
[Black "Demidov, Mikhail"]
[Result "1/2-1/2"]
[ECO "B03"]
[WhiteElo "2455"]
[BlackElo "2551"]
[Annotator "ChessBase"]
[PlyCount "83"]
[EventDate "2021.10.11"]
[EventType "blitz"]
[EventCountry "RUS"]
[SourceTitle "playchess.com"]
[Source "ChessBase"]
[SourceQuality "1"]
[TimeControl "180+2"]

1. e4 Nf6 2. e5 Nd5 3. d4 d6 4. c4 Nb6 5. exd6 exd6 6. Nc3 Be7 7. Bd3 Nc6 8. Nge2 Bg5 9. O-O O-O 10. b3 Re8 11. d5 Bxc1 12. Rxc1 Ne5 13. Bb1 a6 14. h3 Nbd7 15. Ng3 Nf6 16. Re1 Bd7 17. Qd4 Qb8 18.
Re3 Qa7 19. Qd2 Ng6 20. Rce1 Rxe3 21. Rxe3 Rf8 22. Nf5 Bxf5 23. Bxf5 Ne5 24. Kh2 g6 25. Bc2 Re8 26. Qe2 h5 27. Kh1 Qb8 28. f4 Ned7 29. f5 Rxe3 30. Qxe3 Ne5 31. Qg5 Kg7 32. Ne2 Nh7 33. Qg3 Qd8 34. fxg6 h4 35. Qf2 fxg6 36. Nf4 Nf8 37. Be4 Qf6 38. Kg1 b6 39. Ne2 Qxf2+ 40. Kxf2 g5 41. Ke3 Kf6 42. Nd4 1/2-1/2

[Event "RUS-ch Blitz 2021"]
[Site "Sochi"]
[Date "2021.10.11"]
[Round "7.15"]
[White "Averin, Nikolay"]
[Black "Trushnikov, Sergey"]
[Result "0-1"]
[ECO "B06"]
[WhiteElo "2129"]
[BlackElo "2525"]
[Annotator "ChessBase"]
[PlyCount "76"]
[EventDate "2021.10.11"]
[EventType "blitz"]
[EventCountry "RUS"]
[SourceTitle "playchess.com"]
[Source "ChessBase"]
[SourceQuality "1"]
[TimeControl "180+2"]

1. e4 g6 2. d4 Bg7 3. f4 c6 4. Nf3 Na6 5. Nc3 Nc7 6. Be3 d5 7. e5 h5 8. Be2 Nh6 9. Qd2 Bg4 10. O-O-O Nf5 11. Bf2 Ne6 12. g3 h4 13. Nxh4 Bxe2 14. Nxf5 Bxd1 15. Nxg7+ Nxg7 16. Nxd1 Qd7 17. h4 Qg4 18. Ne3 Qf3 19. Rf1 Nf5 20. Qd1 Qxd1+ 21. Nxd1 Ng7 22. c3 f5 23. Rg1 Kf7 24. Ne3 e6 25. Kd2 b6 26. Nc2 Rhc8 27. b4 a5 28. a3 axb4 29. axb4 Ra2 30. Rb1 Rca8 31. Kc1 Ne8 32. Be1 Nc7 33. Rb2 Rxb2 34. Kxb2 Nb5 35. Bf2 Kg7 36. Bg1 Kh6 37. Ne3 Kh5 38. Kb3 Na3 0-1

[Event "RUS-ch Blitz 2021"]
[Site "Sochi"]
[Date "2021.10.11"]
[Round "7.16"]
[White "Dudin, Gleb"]
[Black "Murzin, Volodar"]
[Result "0-1"]
[ECO "E67"]
[WhiteElo "2438"]
[BlackElo "2513"]
[Annotator "ChessBase"]
[PlyCount "78"]
[EventDate "2021.10.11"]
[EventType "blitz"]
[EventCountry "RUS"]
[SourceTitle "playchess.com"]
[Source "ChessBase"]
[SourceQuality "1"]
[TimeControl "180+2"]

1. c4 Nf6 2. Nc3 g6 3. g3 Bg7 4. Bg2 O-O 5. Nf3 d6 6. d4 Nbd7 7. O-O e5 8. h3 a6 9. b3 Re8 10. Bb2 c6 11. e3 e4 12. Nd2 d5 13.
cxd5 cxd5 14. a4 h5 15. b4 Nf8 16. Nb3 N8h7 17. a5 Ng5 18.
Kh2 Qd6 19. Nc5 h4 20. b5 Nh5 21. Ne2 Nf3+ 22. Bxf3 exf3 23. Nf4 hxg3+ 24. fxg3 Nxf4 25. gxf4 Rxe3 26. Rxf3 Rxf3 27. Qxf3 axb5 28.
Re1 Bf5 29. Nxb7 Qc6 30. Nc5 Rxa5 31. Bc3 Ra2+ 32. Re2 Ra3 33. Re3 Rxc3 34. Rxc3 Bxd4 35. Rc1 Bxc5 36. Qc3 Qd6 37. Qxc5 Qxf4+ 38. Kg1 Qg3+ 39. Kh1 Be4# 0-1

[Event "RUS-ch Blitz 2021"]
[Site "Sochi"]
[Date "2021.10.11"]
[Round "7.17"]
[White "Lysyj, Igor"]
[Black "Vetokhin, Savva"]
[Result "1-0"]
[ECO "E04"]
[WhiteElo "2603"]
[BlackElo "2339"]
[Annotator "ChessBase"]
[PlyCount "57"]
[EventDate "2021.10.11"]
[EventType "blitz"]
[EventCountry "RUS"]
[SourceTitle "playchess.com"]
[Source "ChessBase"]
[SourceQuality "1"]
[TimeControl "180+2"]

1. d4 Nf6 2. c4 e6 3. Nf3 d5 4. g3 dxc4 5. Bg2 a6 6. O-O Nc6 7. Qd2 Be7 8.
Qc3 O-O 9. Qxc4 Bd6 10. Rd1 Qe7 11. Nc3 h6 12. Bf4 e5 13.
dxe5 Nxe5 14. Nxe5 Bxe5 15. Bxe5 Qxe5 16. Qd4 Qxd4 17. Rxd4 c6 18. e4 Be6 19. Rad1 Rfe8 20. h3 Kf8 21. f4 g6 22. e5 Ng8 23. a3 Ne7 24. g4 Rac8 25. Ne4 Rc7 26. Nf6 Rb8 27. Rd8+ Rxd8 28. Rxd8+ Kg7 29. Ne8+ 1-0

[Event "RUS-ch Blitz 2021"]
[Site "Sochi"]
[Date "2021.10.11"]
[Round "7.18"]
[White "Savitskiy, Sergey"]
[Black "Grachev, Boris"]
[Result "1/2-1/2"]
[ECO "B45"]
[WhiteElo "2439"]
[BlackElo "2615"]
[Annotator "ChessBase"]
[PlyCount "139"]
[EventDate "2021.10.11"]
[EventType "blitz"]
[EventCountry "RUS"]
[SourceTitle "playchess.com"]
[Source "ChessBase"]
[SourceQuality "1"]
[TimeControl "180+2"]

1. e4 c5 2. Nf3 e6 3. d4 cxd4 4. Nxd4 Nf6 5. Nc3 Nc6 6. Nxc6 bxc6 7. e5 Nd5 8. Ne4 Bb7 9. Bd3 c5 10. c4 Nb4 11. Bb1 Nc6 12. f4 Qh4+ 13.
g3 Qh3 14. Kf2 Nd4 15. Qf1 Qh5 16. Qd1 Qh3 17. Qf1 Qxf1+ 18. Rxf1 Be7 19. Be3 f6 20. Bxd4 cxd4 21. exf6 gxf6 22. f5 exf5 23. Nd2 Bb4 24. Nf3 Rc8 25. Bd3 Kf7 26. a3 Bd6 27. b4 Be4 28. Rad1 Bxd3 29. Rxd3 Rxc4 30. Nxd4 Be5 31. Nxf5 Ke6 32. Ne3 Rc7 33. Rfd1 Rhc8 34. R1d2 d6 35. Ng4 Rc2 36. Ke2 Rxd2+ 37. Kxd2 h5 38. Ne3 h4 39. Ng4 hxg3 40. hxg3 Rg8 41. Nxe5 fxe5 42. a4 Rg4 43. Rb3 d5 44. a5 a6 45. Ke2 Rc4 46. b5 axb5 47. Rxb5 Ra4 48. Rb6+ Kf5 49. a6 d4 50. Kd3 e4+ 51. Kc2 Kg4 52. Re6 Kf3 53. g4 d3+ 54. Kc3 Ra3+ 55.
Kb2 Ra5 56. Kc3 Rc5+ 57. Kd4 Rc1 58. Rf6+ Ke2 59. Kxe4 d2 60. Rd6 Ra1 61. g5 Rxa6 62. Rxd2+ Kxd2 63. Kf5 Ra5+ 64. Kf6 Ra6+ 65. Kf5 Ke3 66. g6 Ra7 67. Kf6 Kf4 68. g7 Ra6+ 69. Kf7 Ra7+ 70. Kf6 1/2-1/2

[Event "RUS-ch Blitz 2021"]
[Site "Sochi"]
[Date "2021.10.11"]
[Round "7.19"]
[White "Kokarev, Dmitry"]
[Black "Lobanov, Sergei"]
[Result "1/2-1/2"]
[ECO "C64"]
[WhiteElo "2579"]
[BlackElo "2501"]
[Annotator "ChessBase"]
[PlyCount "144"]
[EventDate "2021.10.11"]
[EventType "blitz"]
[EventCountry "RUS"]
[SourceTitle "playchess.com"]
[Source "ChessBase"]
[SourceQuality "1"]
[TimeControl "180+2"]

1. e4 e5 2. Nf3 Nc6 3. Bb5 a6 4. Ba4 Bc5 5. d3 Nge7 6. c3 O-O 7. O-O d6 8. b4 Ba7 9. Bb3 Be6 10. Be3 h6 11. Bxa7 Rxa7 12. a4 Qd7 13.
Na3 f5 14. Nc4 fxe4 15. dxe4 Kh8 16. Nfd2 Ng6 17. Ne3 Nf4 18. f3 Raa8 19. Rf2 Ne7 20. Ndf1 Neg6 21. a5 Bxb3 22. Qxb3 Rf6 23. Nd5 Nxd5 24. Qxd5 c6 25. Qa2 Raf8 26. Ne3 Nh4 27. Rd1 Rg6 28. Kh1 Qe7 29. Qd2 Qg5 30. Nc4 Qe7 31. Ne3 Qg5 32. Nc4 Qe7 33. Ne3 Qg5 34. Ng4 Qe7 35. Qe1 h5 36. Ne3 Qg5 37. Qd2 Kh7 38.
Nc4 Qe7 39. Qe3 Re6 40. Nd2 g5 41. Nf1 Qf6 42. Ng3 Qf4 43.
Qd2 g4 44. Nxh5 Qxd2 45. Rdxd2 gxf3 46. g3 Ng2 47. g4 Kg6 48. h3 Kg5 49. Kh2 Nh4 50. Rd3 Rd8 51. Rfd2 Rg6 52. Kg3 Re6 53. Kf2 Rh6 54. Ng3 Re6 55. Nf5 Nxf5 56. gxf5 Rh6 57. Rxf3 d5 58. Rd1 Kf6 59. Rfd3 Rdh8 60. exd5 cxd5 61. Rxd5 Rxh3 62. R5d3 Rh2+ 63. Ke1 Rc2 64. Rf3 Rh1+ 65. Rf1 Rhh2 66. Rd6+ Kf7 67. Rd7+ Kf6 68. Rd6+ Kf7 69. Rd7+ Kf6 70. Rd6+ Ke7 71. Rd5 Kf6 72. Rd6+ Kf7 1/2-1/2